 Dungeon Sprint DCSS version 0.27.1-33-g824d729ab1 (webtiles) character file.

Game seed: 9534426332070474102

24829 manyhoops the Severer (level 12, -12/120 (130) HPs)
             Began as a Minotaur Berserker on Nov 25, 2021.
             Was an Elder of Trog.
             Killed from afar by a golden dragon (16 damage)
             ... with a bolt of cold
             ... in the Dungeon (Sprint I: "Red Sonja").
             The game lasted 00:20:35 (8556 turns).

manyhoops the Severer (Minotaur Berserker)          Turns: 8556, Time: 00:20:36

HP:   -12/120 (130) AC: 19    Str: 29    XL:     12   Next: 84%
MP:   8/8           EV: 13    Int:  4    God:    Trog [****..]
Gold: 1855          SH: 15    Dex:  8    Spells: 11/11 levels left

rFire    . . .     SeeInvis .   d - +2 war axe (flame)
rCold    + + .     Faith    +   a - +0 kite shield
rNeg     . . .     Spirit   .   H - +3 scale mail {rC+}
rPois    .         Reflect  .   (helmet restricted)
rElec    .         Harm     .   (no cloak)
rCorr    +         Rampage  .   F - +2 pair of gloves {archery}
Will     .....     NoTele   +   y - +0 pair of boots
Stlth    +.........             n - amulet of faith
HPRegen  0.30/turn              C - ring of protection from cold
MPRegen  0.11/turn              z - ring "Qeetwe" {Fly rCorr Stlth+}

@: lethally poisoned (-12 -> -47), on berserk cooldown, flying, slowed, drained,
very slow
A: horns 2, retaliatory headbutt, clumsy 1, low mp 2, strong 1, evolution 1,
subdued magic 1
a: Renounce Religion, Berserk, Trog's Hand, Brothers in Arms


You were in the Dungeon.
You worshipped Trog.
Trog was greatly pleased with you.
You visited 1 branch You collected 4431 gold pieces.
You spent 2576 gold pieces at shops.

Inventory:

Hand Weapons
 b - a +3 antimagic battleaxe
 d - a +2 war axe of flaming (weapon)
 h - the +9 broad axe "Joceint" {vorpal, Dex+3}
   (Trog gifted it to you in the Dungeon)

   It inflicts extra damage upon your enemies.
   Dex:       It affects your dexterity (+3).
 o - the +7 broad axe "Gaucreqi" {vorpal, rElec Will+ Dex+3}
   (Trog gifted it to you in the Dungeon)

   It inflicts extra damage upon your enemies.
   Dex:       It affects your dexterity (+3).
   rElec:     It insulates you from electricity.
   Will:      It increases your willpower.
Missiles
 e - 4 curare-tipped darts (quivered)
 r - 2 throwing nets
 t - 3 atropa-tipped darts
Armour
 a - a +0 kite shield (worn)
 y - a +0 pair of boots (worn)
 F - a +2 pair of gloves of archery (worn)
 H - a +3 scale mail of cold resistance (worn)
Jewellery
 g - a ring of see invisible
 i - the ring "Paroleigh" {rF- Int+5 SInv}
   (You took it off a deep elf annihilator in the Dungeon)

   [ring of see invisible]

   Int:       It affects your intelligence (+5).
   rF:        It makes you vulnerable to fire.
   SInv:      It lets you see invisible.
 k - an amulet of the acrobat
 n - an amulet of faith (around neck)
 z - the ring "Qeetwe" (right hand) {Fly rCorr Stlth+}
   (You found it in the Dungeon)

   [ring of flight]

   Fly:       It grants you flight.
   rCorr:     It protects you from acid and corrosion.
   Stlth:     It makes you more stealthy.
 C - a ring of protection from cold (left hand)
 I - a +6 ring of intelligence
Wands
 E - a wand of mindburst (12)
Scrolls
 m - 2 scrolls of fog
 q - 3 scrolls of fear
 u - a scroll of summoning
 v - 3 scrolls of immolation
 D - a scroll of amnesia
Potions
 c - 5 potions of curing
 f - 2 potions of magic
 j - a potion of brilliance {unknown}
 l - a potion of attraction
 p - 2 potions of cancellation {unknown}
 s - a potion of haste
 x - a potion of resistance {unknown}
 A - a potion of lignification {unknown}
 B - 2 potions of heal wounds
 G - 2 potions of invisibility {unknown}
Miscellaneous
 J - a phantom mirror


   Skills:
 + Level 19.3 Fighting
 + Level 19.6 Axes
 + Level 18.8 Armour
 - Level 10.7 Dodging
 - Level 2.0 Stealth
 - Level 16.1 Shields


You had 11 spell levels left.
You didn't know any spells.
Your spell library was empty.

Dungeon Overview and Level Annotations

Branches:
Dungeon (1/1)

Altars:
Cheibriados
Dithmenos
Elyvilon
Fedhas
Gozag
Hepliaklqana
Kikubaaqudgha
Makhleb
Nemelex Xobeh
Okawaru
Qazlal
Ru
Sif Muna
Trog
Uskayaw
Vehumet
Wu Jian
Xom
Yredelemnul
Zin
The Shining One
Jiyva
Lugonu

Shops:
D =!=[(*(!**(=*:*[*[([*

Annotations:
D Lom Lobon, Tiamat


Innate Abilities, Weirdness & Mutations

You have a pair of horns on your head.
You reflexively headbutt those who attack you in melee.
You are clumsy. (Dex -2)
Your magical capacity is very low. (-20% MP)
Your muscles are strong. (Str +2)
You evolve.
Your spells are a little easier to cast, but a little less powerful.


Message History

Unknown command.
You hit the golden dragon but do no damage.
You headbutt the golden dragon, but do no damage.
The golden dragon is lightly wounded.
You are engulfed in poison gas.
You are more poisoned.
You feel extremely sick. The golden dragon closely misses you.
The golden dragon claws you but does no damage.
The golden dragon misses you.
You hit the golden dragon but do no damage.
Your headbutt misses the golden dragon.
The golden dragon is lightly wounded.
You are engulfed in poison gas.
You are more poisoned.
You feel extremely sick. You block the golden dragon's attack.
The golden dragon claws you but does no damage.
The golden dragon misses you.
The shadow dragon breathes negative energy at you.
The bolt of negative energy misses you.
You slash the golden dragon! You burn the golden dragon.
The golden dragon is lightly wounded.
You feel extremely sick. The golden dragon bites you!!
The golden dragon claws you but does no damage.
The golden dragon tramples you!
* * * LOW HITPOINT WARNING * * *
You are shoved backwards!
Okay, then.
Okay, then.
Okay, then.
As you read the scroll of summoning, it crumbles to dust.
Wisps of shadow whirl around you...
You are engulfed in poison gas.
You are more poisoned.
* * * LOW HITPOINT WARNING * * *
x2 You feel extremely sick.
The golden dragon breathes cold at you. The bolt of cold hits you! You resist.
You die...

§§§§..'..#^§+§§§.#
§.§..##..'^^#§§§§##
#§§§#######+#.§§§.#
###§#...##).#§§...#
#y#§##...#..##§§§.#
###§§###.#..≈###+##
..##.#A#.#..≈..#g####+#
..#..###.#..≈.##○#°○°.##
+##.##...#..≈##○@○○§...##
###..#'###..≈#§○wD§§§...#
.###.).#.≈..##○§§D§§....#
.#.###.#.≈..#..§.§.=.....
.....#.###..#.§...|......
.....#.#.'..##.^.^^...^.#
..####'#.##+##$$$$$$$$$$#
###..).#^#≈≈≈##$$$$$$$$##$
#...####^#≈≈≈≈##!$!($(##○$


You could see a shadow dragon (catching breath), a golden dragon (catching
breath, ally target), a friendly dart slug (summoned) and a friendly goblin
(summoned).

Vanquished Creatures
  A deep elf master archer (D)
  3 fire giants (D)
  A deep elf annihilator (D)
  A lorocyproca (D)
  A mummy priest (D)
  2 centaur warriors (D)
  Sonja (D)
  A deep troll (D)
  A lindwurm (D)
  2 oklob plants (D)
  A shining eye (D)
  2 merfolk sirens (D)
  2 kobold demonologists (D)
  2 gargoyles (D)
  7 unseen horrors (D)
  3 demonic crawlers (D)
  A hellwing (D)
  A hornet (D)
  A slime creature (D)
  Sigmund (D)
  2 redbacks (D)
  A yak (D)
  13 hogs (D)
  2 floating eyes (D)
  An ogre (D)
  7 necrophages (D)
  8 jellies (D)
  Ijyb (D)
70 creatures vanquished.

Vanquished Creatures (collateral kills)
  the Lernaean hydra (D)
  A fire giant (D)
  A hydra (D)
  7 shining eyes (D)
  A demonic crawler (D)
  5 floating eyes (D)
16 creatures vanquished.

Vanquished Creatures (others)
  4 hornets (D)
  2 ballistomycete spores (D)
6 creatures vanquished.

Grand Total: 92 creatures vanquished

Notes
Turn   | Place    | Note
-------+----------+-------------------------------------------
     0 | D        | manyhoops the Minotaur Berserker began the quest for the
                  | Orb.
     0 | D        | Reached XP level 1. HP: 19/19 MP: 0/0
     1 | D        | Noticed Ijyb
    10 | D        | Killed Ijyb
    11 | D        | Reached skill level 5 in Fighting
    11 | D        | Reached skill level 5 in Axes
    11 | D        | Reached XP level 2. HP: 27/29 MP: 1/1
   431 | D        | Noticed an ogre
   434 | D        | Killed an ogre
   435 | D        | Reached XP level 3. HP: 39/39 MP: 2/2
   435 | D        | Reached XP level 4. HP: 47/47 MP: 3/3
   476 | D        | Noticed Sigmund
   480 | D        | Killed Sigmund
   480 | D        | Reached ** piety under Trog
   481 | D        | Reached skill level 5 in Armour
   481 | D        | Reached skill level 5 in Dodging
   481 | D        | Reached skill level 1 in Stealth
   481 | D        | Reached XP level 5. HP: 58/58 MP: 4/4
   523 | D        | Found an ornate altar of the Wu Jian Council.
   523 | D        | Found a shimmering blue altar of Sif Muna.
   525 | D        | Found a radiant altar of Vehumet.
   528 | D        | Reached skill level 10 in Fighting
   528 | D        | Reached XP level 6. HP: 62/66 MP: 5/5
   561 | D        | Found Fathudgh's Armour Emporium.
   561 | D        | Found an ancient bone altar of Kikubaaqudgha.
   561 | D        | Found a hazy altar of Hepliaklqana.
   561 | D        | Found a stormy altar of Qazlal.
   561 | D        | Found a hide-covered altar of Uskayaw.
   561 | D        | Found a blossoming altar of Fedhas.
   561 | D        | Found a bloodstained altar of Trog.
   561 | D        | Found an iron altar of Okawaru.
   561 | D        | Found a basalt altar of Yredelemnul.
   561 | D        | Found a glowing golden altar of the Shining One.
   561 | D        | Found a snail-covered altar of Cheibriados.
   561 | D        | Found a sacrificial altar of Ru.
   561 | D        | Found a glowing silver altar of Zin.
   561 | D        | Found a shadowy altar of Dithmenos.
   561 | D        | Found a white marble altar of Elyvilon.
   561 | D        | Noticed a yak
   569 | D        | Killed a yak
   570 | D        | Reached skill level 10 in Axes
   570 | D        | Found an opulent altar of Gozag.
   571 | D        | Found a sparkling altar of Nemelex Xobeh.
   642 | D        | Found a viscous altar of Jiyva.
   642 | D        | Found a corrupted altar of Lugonu.
   642 | D        | Noticed a slime creature
   643 | D        | Found a burning altar of Makhleb.
   643 | D        | Found a shimmering altar of Xom.
   649 | D        | Killed a slime creature
   649 | D        | Reached *** piety under Trog
   650 | D        | Reached XP level 7. HP: 75/75 MP: 6/6
   707 | D        | Noticed a kobold demonologist
   707 | D        | Noticed a kobold demonologist
   711 | D        | Killed a kobold demonologist
   712 | D        | Reached XP level 8. HP: 85/85 MP: 7/7
   716 | D        | Killed a kobold demonologist
   716 | D        | Reached **** piety under Trog
   749 | D        | Noticed a demonic crawler
   749 | D        | Noticed a demonic crawler
   749 | D        | Noticed a demonic crawler
   749 | D        | Noticed a demonic crawler
   764 | D        | Killed a demonic crawler
   772 | D        | Killed a demonic crawler
   773 | D        | Reached skill level 10 in Armour
   780 | D        | Killed a demonic crawler
   784 | D        | Killed a demonic crawler
   785 | D        | Reached XP level 9. HP: 16/95 MP: 8/8
  1108 | D        | Noticed a lindwurm
  1117 | D        | Killed a lindwurm
  1273 | D        | Reached skill level 15 in Axes
  1276 | D        | Reached ***** piety under Trog
  1281 | D        | Reached skill level 15 in Fighting
  1298 | D        | Received a gift from Trog
  1309 | D        | Reached XP level 10. HP: 61/107 MP: 9/9
  1775 | D        | Noticed a daeva
  1780 | D        | Noticed a 12-headed hydra
  1787 | D        | Killed a 12-headed hydra
  2093 | D        | Noticed a merfolk siren
  2093 | D        | Noticed a deep elf annihilator
  2097 | D        | Noticed a gargoyle
  2098 | D        | Noticed a merfolk siren
  2105 | D        | Killed a merfolk siren
  2107 | D        | Killed a gargoyle
  2117 | D        | Killed a merfolk siren
  2232 | D        | Identified the ring "Paroleigh" {rF- Int+5 SInv}
  2959 | D        | Noticed Sonja
  2962 | D        | Killed Sonja
  2995 | D        | Found Diepy's Jewellery Boutique.
  3003 | D        | Bought a ring of see invisible for 165 gold pieces
  3016 | D        | Noticed a deep troll
  3020 | D        | Killed a deep troll
  3021 | D        | Reached skill level 15 in Armour
  3035 | D        | Found Wiog Ifuy's Armour Emporium.
  3039 | D        | Bought a +0 pair of boots for 58 gold pieces
  3057 | D        | Noticed a centaur warrior
  3057 | D        | Noticed a centaur warrior
  3063 | D        | Killed a centaur warrior
  3066 | D        | Killed a centaur warrior
  3067 | D        | Reached XP level 11. HP: 88/118 MP: 3/10
  3293 | D        | Noticed an oklob plant
  3298 | D        | Killed an oklob plant
  3298 | D        | Identified the +7 broad axe "Gaucreqi" {vorpal, rElec Will+
                  | Dex+3} (Trog gifted it to you in the Dungeon)
  3298 | D        | Received a gift from Trog
  3317 | D        | Bought a +0 kite shield for 58 gold pieces
  3534 | D        | Noticed a shining eye
  3534 | D        | Noticed a shining eye
  3534 | D        | Noticed a shining eye
  3535 | D        | Paralysed by a floating eye for 4 turns
  3537 | D        | Reached skill level 1 in Shields
  3538 | D        | Gained mutation: Your muscles are strong. (Str +2) [a
                  | shining eye]
  3539 | D        | Noticed a shining eye
  3540 | D        | Noticed a shining eye
  3541 | D        | Noticed a shining eye
  3542 | D        | Killed a shining eye
  3542 | D        | Killed a shining eye
  3542 | D        | Gained mutation: Your magical capacity is low. (-10% MP) [a
                  | shining eye]
  3542 | D        | Killed a shining eye
  3543 | D        | Reached skill level 5 in Shields
  3544 | D        | Killed a shining eye
  3544 | D        | Gained mutation: Your magical capacity is very low. (-20%
                  | MP) [a shining eye]
  3545 | D        | Paralysed by a floating eye for 3 turns
  3545 | D        | Killed a shining eye
  3547 | D        | Killed a shining eye
  3649 | D        | Noticed a shining eye
  3649 | D        | Noticed a shining eye
  3655 | D        | Killed a shining eye
  3655 | D        | Gained mutation: You evolve. [a shining eye]
  3656 | D        | Killed a shining eye
  3657 | D        | Reached skill level 10 in Shields
  3845 | D        | Found Edahops's Distillery.
  3845 | D        | Found Legin's Jewellery Emporium.
  3846 | D        | Found Jaic's Weapon Shop.
  3846 | D        | Found Hutaq's Assorted Antiques.
  3853 | D        | Bought 2 throwing nets for 72 gold pieces
  3864 | D        | Bought a potion of heal wounds for 55 gold pieces
  3864 | D        | Bought a potion of haste for 110 gold pieces
  3928 | D        | Received a gift from Trog
  3935 | D        | Received a gift from Trog
  3935 | D        | Reached ****** piety under Trog
  3937 | D        | Paralysed by a floating eye for 4 turns
  3957 | D        | Received a gift from Trog
  3977 | D        | Found Keckouxo's Distillery.
  3977 | D        | Found Cutytrocog's Antique Weapon Shop.
  3977 | D        | Found Mewkan's Assorted Antiques.
  3979 | D        | Found Xoil's General Store.
  3979 | D        | Found Turrip's Weapon Shop.
  3979 | D        | Found Rylufef's Jewellery Shoppe.
  3979 | D        | Found Xaskok's General Store.
  3979 | D        | Found Dohaom's Book Emporium.
  3979 | D        | Found Vuagunu's Assorted Antiques.
  3979 | D        | Found Kiycreju's Antique Armour Shoppe.
  3983 | D        | Found Yrcheiwuot's Assorted Antiques.
  3984 | D        | Found Zal Ess's Antique Weapon Emporium.
  3984 | D        | Found Waruli Dyll's Armour Boutique.
  3985 | D        | Found Wuihinn's Assorted Antiques.
  3993 | D        | Bought a scroll of blinking for 195 gold pieces
  4001 | D        | Bought a pair of gloves for 90 gold pieces
  4001 | D        | Bought a pair of boots for 90 gold pieces
  4130 | D        | Noticed a lorocyproca
  4143 | D        | Killed a lorocyproca
  4254 | D        | Reached skill level 15 in Shields
  4257 | D        | Identified the +9 broad axe "Joceint" {vorpal, Dex+3} (Trog
                  | gifted it to you in the Dungeon)
  4257 | D        | Received a gift from Trog
  4432 | D        | Gained mutation: Your spells are a little easier to cast,
                  | but a little less powerful. [evolution]
  4894 | D        | Identified the ring "Qeetwe" {Fly rCorr Stlth+}
  5126 | D        | Noticed a fire giant
  5142 | D        | Killed a fire giant
  5143 | D        | Reached XP level 12. HP: 47/127 MP: 8/8
  5250 | D        | Noticed a fire giant
  5260 | D        | Killed a fire giant
  5260 | D        | Received a gift from Trog
  5281 | D        | Noticed a fire giant
  5284 | D        | Killed a fire giant
  5409 | D        | Noticed a fire giant
  5417 | D        | Killed a fire giant
  5418 | D        | Reached skill level 10 in Dodging
  5428 | D        | Found the +4 dragonskin cloak
  5428 | D        | Noticed Tiamat
  5899 | D        | Noticed a shadow dragon
  5899 | D        | Noticed a golden dragon
  5989 | D        | Bought a +2 pair of gloves of archery for 279 gold pieces
  5989 | D        | Bought a potion of curing for 39 gold pieces
  5989 | D        | Bought a potion of curing for 39 gold pieces
  6001 | D        | Bought a scroll labelled SUFISTEANO for 27 gold pieces
  6001 | D        | Bought a scroll labelled SUFISTEANO for 27 gold pieces
  6001 | D        | Bought a scroll labelled MENISHR DOILO for 27 gold pieces
  6001 | D        | Bought a scroll labelled SUFISTEANO for 27 gold pieces
  6001 | D        | Bought a scroll labelled MENISHR DOILO for 27 gold pieces
  6246 | D        | Bought a lumpy emerald potion for 21 gold pieces
  6246 | D        | Bought a scroll of blinking for 180 gold pieces
  6246 | D        | Bought a potion of heal wounds for 120 gold pieces
  6246 | D        | Bought 2 grey potions for 43 gold pieces
  6248 | D        | Bought a scroll of fog for 50 gold pieces
  6248 | D        | Bought a blue potion for 22 gold pieces
  6248 | D        | Bought a scroll of summoning for 237 gold pieces
  6259 | D        | Bought a +3 scale mail of cold resistance for 338 gold
                  | pieces
  6282 | D        | Bought a potion of heal wounds for 60 gold pieces
  6282 | D        | Bought a potion of heal wounds for 60 gold pieces
  6282 | D        | Bought a potion of heal wounds for 60 gold pieces
  6452 | D        | Gained mutation: You are clumsy. (Dex -2) [evolution]
  6835 | D        | Killed a deep elf annihilator
  7118 | D        | Noticed a mummy priest
  7125 | D        | Killed a mummy priest
  7346 | D        | Noticed the 27-headed Lernaean hydra
  7359 | D        | Killed the 27-headed Lernaean hydra
  7546 | D        | Noticed a deep elf master archer
  7557 | D        | Killed a deep elf master archer
  7927 | D        | Noticed Lom Lobon
  8556 | D        | HP: 4/120 [poisoned by a golden dragon (poison gas)]
  8556 | D        | Killed from afar by a golden dragon

Illustrated notes

Levels and vault maps discovered:
D:        dungeon_sprint_1 [red_sonja_temple_1, red_sonja_temple_small_1]

Skill      XL: |  1  2  3  4  5  6  7  8  9 10 11 12 |
---------------+-------------------------------------+-----
Fighting       | 5 7 9 10 11 12 14 15 17 18 19 | 19.3
Axes           | 5 7 9 11 12 14 15 18 19 | 19.6
Armour         | 3 4 5 7 8 10 13 15 16 18 | 18.8
Dodging        | 3 4 5 6 7 8 10 | 10.7
Stealth        | 1 2 |  2.0
Shields        | 16 | 16.1

Action                   |  1- 3 |  4- 6 |  7- 9 | 10-12 || total
-------------------------+-------+-------+-------+-------++-------
Melee: Hand axe          |     9 |    15 |    73 |    18 ||   115
       Headbutt          |     2 |     6 |    26 |    28 ||    62
       Battleaxe         |       |       |       |    35 ||    35
       Broad axe         |       |       |       |    77 ||    77
       War axe           |       |       |       |    11 ||    11
Invok: Berserk           |     2 |     3 |     2 |     7 ||    14
       Brothers in Arms  |       |       |     1 |    17 ||    18
       Trog's Hand       |       |       |     1 |     2 ||     3
Evoke: Wand              |       |       |       |     1 ||     1
  Use: Potion            |       |       |     2 |     5 ||     7
       Scroll            |       |       |     1 |     8 ||     9
Armor: Chain mail        |       |     3 |    39 |    76 ||   118
       Scale mail        |       |       |       |    49 ||    49
Dodge: Dodged            |     1 |     3 |    54 |    94 ||   152
Block: Kite shield       |       |       |       |    35 ||    35
